cohdb
Replays
Latest Replays
All Replays
Popular Replays
Top Player Replays
Match Explorer
How It Works
Community
CoH3 Stats
Reddit
Sign in to upload your games and track your stats! →
Sign in with Steam
Match 44693217
Unlisted
Match 44693217
Overview
Messages
Build Orders
End
Panzergrenadier Squad
Selects Battlefield Espionage Battlegroup
Selects Sector Subterfuge Beacon
Panzergrenadier Squad
Panzerpioneer Squad
Construct Light Support Kompanie
Fire Support Elements
Panzerjäger Squad
le.IG 18 Mechanized Group
2.5-tonne Medical Truck
Selects 250/3 Funkpanzerwagen
Selects Anti-Tank Incendiary Munitions
Flakvierling Half-track
Construct Panzerarmee Kommand
Selects Transfer Depots
Assault Mechanized Group
Combat Half-tracks
Panzer III L Medium Tank
Selects Disruption Operation
Vehicle Survival Package
Walking Stuka Rocket Launcher
Selects Operation Skorpion
Panzer III L Medium Tank
Disruption Operation
Panzer III L Medium Tank
Panzerjäger Mechanized Group
Panzer III L Medium Tank
Tungsten Core Ammunition
Disruption Operation
ManFrau
vincent
dajige
P o o y a
RedSavage
顶风射十米
Guerrero de Dios
FluffyNyan
0
0
Comments
sign in to comment!
No comments posted yet!